Unix NetHack Version 3.7.0-95 Work-in-progress - last build Jan 1 2024 20:51:50 (6a0ccc5fa2390e420dd2d488a2f9488d2ae3a63b,branch:master). Game began 2024-01-05 10:36:16, ended 2024-01-05 11:29:06. Arasaka, chaotic male elven Ranger -------------- --.-- |.............# #...[| |............|# #|..{| #.....`.......|##### ###+...| --------------- -+--- #####|............| # #####--.-- |$$$$$$$$$$$$$.| |....###### --.------.---- ### # # |$$$$$$$$$$$$$..#### |...| ## # #### # |$$$$$$$$$$$$$.| # |...|####################################### --------------- a |...|# ########### #%### 0#-.------.--- @##.[.>*#############*#....---.- ## # |...".<....| ---%-# |.......| ## |..........| ### |.......| ### +..........| |........### ------------ --------- Arasaka the Trailblazer St:15 Dx:13 Co:16 In:15 Wi:14 Ch:7 Chaotic Dlvl:8 $:320 HP:0(54) Pw:41(41) AC:0 Xp:7/1275 T:6872 Hungry Latest messages: There is a doorway here. You see here a rock. There is a doorway here. You see here a rock. What do you want to throw? [$b-dhJ or ?*] In what direction? Talk to whom? (in what direction) The leprechaun seems not to notice you. Talk to whom? (in what direction) The leprechaun seems not to notice you. Talk to whom? (in what direction) The leprechaun seems not to notice you. Talk to whom? (in what direction) The leprechaun seems not to notice you. There is a doorway here. You see here a rock. Something is written here in the dust. You read: "? ? ?". You see here a hooded cloak. $ - 320 gold pieces. The fire ant bites! The fire ant misses! You hit the fire ant! The fire ant bites! The fire ant just misses! You hit the fire ant. The fire ant misses! The fire ant bites! You avoid harm. The fire ant bites! The fire ant misses! You miss the fire ant. The fire ant bites! The fire ant misses! The fire ant bites! The fire ant misses! You hit the fire ant. The fire ant bites! The fire ant bites again! You're on fire! You miss the fire ant. The fire ant bites! The fire ant misses! You hit the fire ant. The fire ant bites! The fire ant misses! The fire ant bites! The fire ant bites again! You're on fire! You die... Inventory: Coins ('$') $ - 320 gold pieces Weapons (')') c - 38 uncursed +2 elven arrows (in quiver) d - 24 uncursed +0 elven arrows b - an uncursed +1 elven bow (alternate weapon; not wielded) J - an uncursed +0 dagger a - an uncursed +1 elven dagger (weapon in right hand) h - an uncursed +0 orcish dagger Armor ('[') S - an uncursed +0 pair of gauntlets of dexterity j - an uncursed +0 pair of leather gloves W - an uncursed +0 pair of iron shoes (being worn) o - an uncursed +0 pair of low boots l - an uncursed +2 elven cloak (being worn) r - a blessed +0 elven mithril-coat (being worn) Comestibles ('%') f - 3 uncursed lembas wafers A - 2 uncursed oranges n - 2 uncursed tripe rations K - an uncursed centipede egg V - an uncursed lizard corpse named tricebane Scrolls ('?') g - an uncursed scroll of destroy armor U - an uncursed scroll of fire Potions ('!') M - an uncursed potion of extra healing H - a cursed potion of gain ability O - a blessed potion of object detection L - an uncursed potion of restore ability Z - a potion of holy water Rings ('=') G - an uncursed ring of invisibility Wands ('/') E - a cursed wand of fire (0:3) Tools ('(') i - an uncursed credit card k - an uncursed magic whistle X - an uncursed +0 pick-axe e - an uncursed skeleton key q - an uncursed +0 unicorn horn Arasaka the Ranger's attributes: Background: You were a Trailblazer, a level 7 male elven Ranger. You were chaotic, on a mission for Mars who was opposed by Mercury (lawful) and Venus (neutral). You were right-handed. You were in the Dungeons of Doom, on level 8. You entered the dungeon 6872 turns ago. You had 1275 experience points, 5 more were needed to attain level 8. Basics: You had 0 out of 54 hit points. You had all 41 energy points (spell power). Your armor class was 0. Your wallet contained 320 zorkmids. Autopickup was on for '$"?' plus thrown, with exceptions. Final Characteristics: Your strength was 15 (limit:18). Your dexterity was 13 (limit:18). Your constitution was 16 (limit:16). Your intelligence was 15 (limit:20). Your wisdom was 14 (limit:20). Your charisma was 7 (limit:18). Final Status: You were hungry. You were unencumbered. You were wielding a dagger. You had basic skill with dagger and could have enhanced that. Final Attributes: You were piously aligned. You were sleep resistant. You were poison resistant. You were telepathic. You had automatic searching. You had infravision. You were stealthy. You were guarded. You are dead. Miscellaneous: You disabled loading of bones levels. Total elapsed playing time was 52 minutes and 49 seconds. Major events: Turn 1: Arasaka the chaotic male elven Ranger entered the dungeon 804: entered the Gnomish Mines 1009: attained the rank of Lookout (level 3) 2147: entered Sokoban 2975: attained the rank of Trailblazer (level 6) 6872: killed by a fire ant Vanquished creatures: a quivering blob a lynx 8 giant spiders 2 orc mummies a gold golem 2 lizards a chickatrice a dwarf leader a gray unicorn a dust vortex a snake 2 soldier ants a mountain nymph a rock mole a pony a yellow light a violet fungus a gnome leader 4 elf zombies a ghoul 2 giant ants 2 floating eyes a kitten 2 dwarves a homunculus 3 rothes a rabid rat a giant bat a monkey 2 orc zombies a werejackal 3 iguanas 3 acid blobs 7 coyotes a gas spore 5 hobbits 2 manes a hobgoblin 3 giant rats a cave spider 3 garter snakes 6 geckos 2 jackals 5 foxes 2 kobolds 2 goblins 3 sewer rats 8 grid bugs 3 lichens 2 kobold zombies 4 newts 116 creatures vanquished. No species were genocided or became extinct. Voluntary challenges: You read items or engraved 10 times. You engraved Elbereth 4 times. You never genocided any monsters. You never polymorphed an object. You never changed form. You used no wishes. You did not violate any of the special Sokoban rules. Achievements: You entered the Gnomish Mines. You attained the rank of Lookout. You entered a shop. You entered Sokoban. You attained the rank of Trailblazer. The Dungeons of Doom: levels 1 to 10 Level 1: Level 2: Stairs down to The Gnomish Mines. Level 3: A sink. Level 4: Level 5: Many fountains. Level 6: "sv" Stairs up to Sokoban, level 5. Level 7: A sink. Level 8: <- You were here. A fountain. Final resting place for you, killed by a fire ant. Level 9: "v" A fountain. Level 10: The Gnomish Mines: Level 3: Sokoban: Level 5: Unsolved. Game over: ---------- / \ / REST \ / IN \ / PEACE \ / \ | Arasaka | | 320 Au | | killed by a fire | | ant | | | | | | 2024 | *| * * * | * _________)/\\_//(\/(/\)/\//\/|_)_______ Goodbye Arasaka the Ranger... You died in The Dungeons of Doom on dungeon level 8 with 5868 points, and 320 pieces of gold, after 6872 moves. You were level 7 with a maximum of 54 hit points when you died.